 Dungeon Crawl Stone Soup version 0.22.0-5-gf09313c8f9 (webtiles) character file.

1659 Ablot the Charmwright (level 9, -9/69 HPs)
             Began as a Gnoll Skald on Aug 13, 2018.
             Was a Priest of Cheibriados.
             Mangled by an orc warrior
             ... wielding a +0 battleaxe
              (19 damage)
             ... on level 6 of the Dungeon on Aug 14, 2018.
             The game lasted 00:16:13 (4787 turns).

Ablot the Charmwright (Gnoll Skald)                 Turns: 4787, Time: 00:16:13

Health: -9/69      AC:  6    Str: 28    XL:     9   Next: 0%
Magic:  7/18       EV: 17    Int: 23    God:    Cheibriados [***...]
Gold:   233        SH:  0    Dex: 22    Spells: 3/20 levels left

rFire    + . .     SeeInvis .   B - +2 rapier (venom)
rCold    . . .     Gourm    .   (no shield)
rNeg     . . .     Faith    .   w - +0 leather armour {MR+}
rPois    .         Spirit   .   s - +0 helmet
rElec    .         Reflect  .   (no cloak)
rCorr    .         Harm     .   x - +0 pair of gloves
MR       ++...                  (no boots)
Stlth    +++.......             z - amulet of the acrobat
HPRegen  1.21/turn              e - ring of protection from fire
MPRegen  0.16/turn              o - ring of protection from magic

@: mighty, singing, regenerating, very slow
A: distributed training, fangs 1, strong nose
a: Bend Time, Temporal Distortion, Renounce Religion


You were on level 6 of the Dungeon.
You worshipped Cheibriados.
Cheibriados was most pleased with you.
You were hungry.

You visited 2 branches of the dungeon, and saw 7 of its levels.
You also visited: Sewer.

You collected 233 gold pieces.

Inventory:

Hand Weapons
 v - a +0 trident
 B - a +2 rapier of venom (weapon)
Missiles
 a - 88 sling bullets
 c - 225 stones (quivered)
 l - 35 poisoned needles
 n - 55 arrows
 p - 22 bolts
Armour
 s - a +0 helmet (worn)
 w - a +0 leather armour of magic resistance (worn)
 x - a +0 pair of gloves (worn)
 A - a +0 buckler
Jewellery
 e - a ring of protection from fire (left hand)
 o - a ring of protection from magic (right hand)
 z - an amulet of the acrobat (around neck)
Wands
 k - a wand of enslavement (11)
Scrolls
 f - a scroll of fear {unknown}
 g - 3 scrolls of random uselessness {unknown}
 j - 6 scrolls of teleportation
 m - 6 scrolls of remove curse
 q - a scroll of immolation {unknown}
 y - 3 scrolls of identify
 C - a scroll of fog {unknown}
Potions
 b - a potion of invisibility {unknown}
 h - a potion of brilliance {unknown}
 i - 2 potions of heal wounds {unknown}
 r - a potion of lignification {unknown}
 t - 2 potions of curing {unknown}
 u - 2 potions of might
 D - a potion of agility {unknown}
Comestibles
 d - 11 rations


   Skills:
 + Level 5.9 Fighting
 + Level 3.7 Short Blades
 + Level 3.7 Long Blades
 + Level 3.7 Axes
 + Level 3.7 Maces & Flails
 + Level 5.9 Polearms
 + Level 3.7 Staves
 + Level 3.7 Slings
 + Level 3.7 Bows
 + Level 3.7 Crossbows
 + Level 3.7 Throwing
 + Level 4.5 Armour
 + Level 5.9 Dodging
 + Level 3.7 Stealth
 + Level 3.7 Shields
 + Level 3.7 Unarmed Combat
 + Level 6.3 Spellcasting
 + Level 3.0 Conjurations
 + Level 3.0 Hexes
 + Level 6.3 Charms
 + Level 3.0 Summonings
 + Level 3.0 Necromancy
 + Level 3.0 Translocations
 + Level 3.0 Transmutations
 + Level 3.0 Fire Magic
 + Level 3.0 Ice Magic
 + Level 3.0 Air Magic
 + Level 3.0 Earth Magic
 + Level 3.0 Poison Magic
 + Level 4.0 Invocations
 + Level 3.7 Evocations


You had 3 spell levels left.
You knew the following spells:

 Your Spells              Type           Power        Failure   Level  Hunger
a - Infusion              Chrm           ####         1%          1    None
b - Song of Slaying       Chrm           #####...     1%          2    None
c - Shroud of Golubria    Chrm/Tloc      ####......   1%          2    None
d - Regeneration          Chrm/Necr      ####......   4%          3    #......
e - Spectral Weapon       Hex/Chrm       ####....     4%          3    #......
f - Confuse               Hex            ###.....     8%          3    #......
g - Dazzling Spray        Conj/Hex       ###...       8%          3    #......

Your spell library contained the following spells:

 Spells                   Type           Power        Failure   Level  Hunger
 Apportation              Tloc           ###...       2%          1    None
 Summon Small Mammal      Summ           ###.         2%          1    None
 Animate Skeleton         Necr           N/A          2%          1    None
 Tukima's Dance           Hex            ###.....     8%          3    #......
 Confusing Touch          Hex            ###...       2%          1    None
 Ensorcelled Hibernation  Hex/Ice        ###...       4%          2    None
 Corona                   Hex            ###....      2%          1    None


Dungeon Overview and Level Annotations

Branches:
Dungeon (6/15)             Temple (1/1) D:5

Altars:
Ashenzari
Cheibriados
Dithmenos
Elyvilon
Fedhas
Gozag
Hepliaklqana
Kikubaaqudgha
Nemelex Xobeh
Okawaru
Qazlal
Ru
Sif Muna
Trog
Uskayaw
Vehumet
Wu Jian
Xom
Yredelemnul
Zin
The Shining One


Innate Abilities, Weirdness & Mutations

Your experience applies equally to all skills.
You have very sharp teeth.
Your uncanny sense of smell can sniff out nearby items.


Message History

Unknown command.
Casting: Regeneration (safe; 4% risk of failure)
Confirm with . or Enter, or press ? or * to list all spells.
Space distorts slightly along a thin shroud covering your body.
The orc warrior barely misses you.
Unknown command.
You hit the orc warrior but do no damage.
The orc warrior is poisoned.
The orc warrior is lightly wounded.
The orc warrior closely misses you.
Unknown command.
It was a potion of might.
You feel very mighty all of a sudden.
You closely miss the orc warrior. You bite the orc warrior!
The orc warrior is severely wounded.
Your shroud bends the orc warrior's attack away!
You barely miss the orc warrior.
The orc warrior is almost dead.
The orc warrior hits you with a battleaxe!!
You die...

≈≈≈≈....>......>..
≈≈≈≈.....#....####
≈≈≈≈.##.##..### .# ..
#######.#...### .##.###
##.......# ......#
#........# ..[...#
#........# ......#
##........####......#
#.........))@o......#
#..#.....#.##=.!.....#
......###.h.##.#......#
...#####.......#......#
## #....$..#####.###
#.......# ∆# #......?#
##.....## .....


You could see an orc warrior.

Vanquished Creatures
  Eustachio (D:5)
  An ice beast (D:5)
  An ogre (D:4)
  A centaur (D:5)
  3 bullfrogs
  3 scorpions
  3 wights (D:6)
  A bullfrog zombie (D:6)
  3 hounds
  An orc priest (D:5)
  A centaur zombie (D:4)
  5 orc wizards
  3 worker ants
  8 gnolls
  12 adders
  A shadow imp (D:4)
  5 oozes
  6 worms
  6 dart slugs (D:2)
  19 leopard geckos
  28 orcs
  8 giant cockroaches
  8 goblins
  6 hobgoblins
  6 jackals (D:6)
  2 quokkas (D:2)
  8 ball pythons (Sewer)
  6 bats
  11 frilled lizards
  5 kobolds
  6 rats
  A butterfly (D:5)
179 creatures vanquished.

Notes
Turn   | Place    | Note
-------+----------+-------------------------------------------
     0 | D:1      | Ablot the Gnoll Skald began the quest for the Orb.
     0 | D:1      | Reached XP level 1. HP: 20/20 MP: 6/6
   221 | D:1      | Reached XP level 2. HP: 22/26 MP: 7/7
   225 | D:1      | Learned a level 2 spell: Song of Slaying
   228 | D:1      | Learned a level 2 spell: Shroud of Golubria
   879 | D:2      | Reached XP level 3. HP: 28/31 MP: 9/9
   885 | D:2      | Reached skill level 5 in Spellcasting
  1084 | D:2      | Reached skill level 1 in Invocations
  1176 | D:2      | Reached skill level 1 in Short Blades
  1176 | D:2      | Reached skill level 1 in Long Blades
  1176 | D:2      | Reached skill level 1 in Axes
  1176 | D:2      | Reached skill level 1 in Maces & Flails
  1176 | D:2      | Reached skill level 1 in Staves
  1176 | D:2      | Reached skill level 1 in Slings
  1176 | D:2      | Reached skill level 1 in Bows
  1176 | D:2      | Reached skill level 1 in Crossbows
  1176 | D:2      | Reached skill level 1 in Throwing
  1176 | D:2      | Reached skill level 1 in Stealth
  1176 | D:2      | Reached skill level 1 in Shields
  1176 | D:2      | Reached skill level 1 in Unarmed Combat
  1176 | D:2      | Reached skill level 1 in Evocations
  1181 | D:2      | Reached XP level 4. HP: 34/38 MP: 7/11
  1199 | D:2      | Reached skill level 1 in Conjurations
  1199 | D:2      | Reached skill level 1 in Hexes
  1199 | D:2      | Reached skill level 1 in Summonings
  1199 | D:2      | Reached skill level 1 in Necromancy
  1199 | D:2      | Reached skill level 1 in Translocations
  1199 | D:2      | Reached skill level 1 in Transmutations
  1199 | D:2      | Reached skill level 1 in Fire Magic
  1199 | D:2      | Reached skill level 1 in Ice Magic
  1199 | D:2      | Reached skill level 1 in Air Magic
  1199 | D:2      | Reached skill level 1 in Earth Magic
  1199 | D:2      | Reached skill level 1 in Poison Magic
  1219 | D:2      | Learned a level 3 spell: Regeneration
  1224 | D:2      | Learned a level 3 spell: Spectral Weapon
  1368 | D:2      | Found a faded altar of an unknown god.
  1533 | D:2      | Reached XP level 5. HP: 43/43 MP: 12/12
  2125 | D:3      | Found a sacrificial altar of Ru.
  2125 | D:3      | Found an ornate altar of the Wu Jian Council.
  2318 | D:3      | Found a deep blue altar of Sif Muna.
  2438 | D:3      | Found a blossoming altar of Fedhas.
  2513 | D:4      | Reached XP level 6. HP: 32/50 MP: 13/13
  2551 | D:4      | Found a shimmering altar of Xom.
  2556 | D:4      | Reached skill level 5 in Fighting
  2556 | D:4      | Reached skill level 5 in Polearms
  2556 | D:4      | Reached skill level 5 in Dodging
  2713 | D:4      | Got a translucent emerald amulet
  2822 | D:4      | Reached XP level 7. HP: 49/56 MP: 11/15
  2862 | D:4      | Found a glowing golden altar of the Shining One.
  2864 | D:4      | Noticed an angel
  2887 | D:4      | Found a basalt altar of Yredelemnul.
  3273 | D:5      | Entered Level 5 of the Dungeon
  3295 | D:5      | Learned a level 3 spell: Confuse
  3299 | D:5      | Learned a level 3 spell: Dazzling Spray
  3338 | D:5      | Found a staircase to the Ecumenical Temple.
  3348 | Temple   | Entered the Ecumenical Temple
  3404 | Temple   | Became a worshipper of Cheibriados the Contemplative
  3477 | D:5      | Identified the amulet of Nemelex Xobeh's Scorn {Harm *Drain Int+2} (You found it on level 4 of the Dungeon)
  3536 | D:5      | Found a stormy altar of Qazlal.
  3669 | D:5      | Reached XP level 8. HP: 39/63 MP: 16/16
  3688 | D:5      | Noticed Eustachio
  4098 | D:5      | Killed Eustachio
  4253 | D:6      | Found a glowing drain.
  4267 | Sewer    | Entered a sewer
  4282 | Sewer    | Reached * piety under Cheibriados
  4466 | Sewer    | Reached ** piety under Cheibriados
  4729 | D:6      | Reached *** piety under Cheibriados
  4776 | D:6      | Reached XP level 9. HP: 33/69 MP: 10/18
  4787 | D:6      | Mangled by an orc warrior

Skill      XL: |  1  2  3  4  5  6  7  8 |
---------------+-------------------------+-----
Spellcasting   | 5 6 |  6.3
Invocations    | 1 2 3 4 |  4.0
Short Blades   | 1 2 3 |  3.7
Long Blades    | 1 2 3 |  3.7
Axes           | 1 2 3 |  3.7
Maces & Flails | 1 2 3 |  3.7
Staves         | 1 2 3 |  3.7
Slings         | 1 2 3 |  3.7
Bows           | 1 2 3 |  3.7
Crossbows      | 1 2 3 |  3.7
Throwing       | 1 2 3 |  3.7
Stealth        | 1 2 3 |  3.7
Shields        | 1 2 3 |  3.7
Unarmed Combat | 1 2 3 |  3.7
Evocations     | 1 2 3 |  3.7
Conjurations   | 1 2 3 |  3.0
Hexes          | 1 2 3 |  3.0
Summonings     | 1 2 3 |  3.0
Necromancy     | 1 2 3 |  3.0
Translocations | 1 2 3 |  3.0
Transmutations | 1 2 3 |  3.0
Fire Magic     | 1 2 3 |  3.0
Ice Magic      | 1 2 3 |  3.0
Air Magic      | 1 2 3 |  3.0
Earth Magic    | 1 2 3 |  3.0
Poison Magic   | 1 2 3 |  3.0
Armour         | 3 4 |  4.5
Fighting       | 5 |  5.9
Polearms       | 5 |  5.9
Dodging        | 5 |  5.9
Charms         | 6 |  6.3

Action                   |  1- 3 |  4- 6 |  7- 9 || total
-------------------------+-------+-------+-------++-------
Melee: Spear             |    60 |       |       ||    60
       Bite              |     8 |    29 |    38 ||    75
       Dagger            |    51 |   229 |   154 ||   434
       Punch             |       |     2 |     3 ||     5
       Rapier            |       |       |   143 ||   143
 Cast: Shroud of Golubri |     1 |    11 |    12 ||    24
       Song of Slaying   |     1 |     4 |     8 ||    13
       Regeneration      |       |     3 |    12 ||    15
       Spectral Weapon   |       |     4 |     9 ||    13
       Infusion          |       |     1 |     1 ||     2
  Use: Scroll            |       |       |     3 ||     3
       Potion            |       |       |     1 ||     1
 Stab: Sleeping          |     3 |       |     6 ||     9
       Distracted        |       |     1 |     1 ||     2
  Eat: Chunk             |     1 |     6 |     8 ||    15
Armor: Leather armour    |    28 |    64 |    79 ||   171
       Ring mail         |       |     8 |       ||     8
Dodge: Dodged            |    71 |   171 |   311 ||   553
